 Dungeon Crawl Stone Soup version 0.27-a0-906-g0a00ce863d (webtiles) character file.

Game seed: 12854611611555087858

3604 Alarkh the Grappler (level 9, -9/112 HPs)
             Began as a Demonspawn Gladiator on Apr 6, 2021.
             Was a Follower of Uskayaw.
             Mangled by an orc warrior
             ... wielding a +0 glaive
              (19 damage)
             ... in a bailey.
             The game lasted 00:12:08 (8533 turns).

Alarkh the Grappler (Demonspawn Gladiator)          Turns: 8533, Time: 00:12:09

Health: -9/112     AC: 32    Str: 15    XL:     9   Next: 86%
Magic:  0/9        EV:  2    Int: 13    God:    Uskayaw [*.....]
Gold:   619        SH:  0    Dex: 17    Spells: 8/8 levels left

rFire    . . .     SeeInvis .     - Unarmed
rCold    . . .     Faith    .   (no shield)
rNeg     + + +     Spirit   +   (armour currently unavailable)
rPois    +         Reflect  .   (helmet currently unavailable)
rElec    .         Harm     .   (cloak currently unavailable)
rCorr    .         Rampage  .   (gloves currently unavailable)
Will     .....     NoTele   +   (boots currently unavailable)
Stlth    ++........             u - amulet of the Gloaming {Spirit Dex+3}
HPRegen  1.28/turn              x - +4 ring of protection
MPRegen  0.11/turn              q - +4 ring of protection

@: mighty, tree-form (expiring), very slightly contaminated, hasted, invisible,
very quick
A: stationary, stasis, torment immunity, boosted hp, foul stench 2, powered by
death 1, (sharp scales 1)
a: Renounce Religion, Stomp


You were in a bailey.
You worshipped Uskayaw.
Uskayaw was noncommittal.
You were a tree.
You visited 2 branches of the dungeon, and saw 9 of its levels.
You also visited: Bailey.

You collected 1123 gold pieces.
You spent 504 gold pieces at shops.

Inventory:

Missiles
 c - 4 throwing nets (quivered)
 e - 42 poisoned darts
Armour
 a - a +0 leather armour
 b - a +0 helmet (melded)
 o - a +2 plate armour of fire resistance (melded)
 A - a +0 cloak (melded)
Jewellery
 f - a ring of protection from cold
 h - a +4 ring of evasion
 q - a +4 ring of protection (right branch)
 u - the amulet of the Gloaming (around neck) {Spirit Dex+3}
   (You found it on level 7 of the Dungeon)

   [amulet of guardian spirit]

   It causes incoming damage to be divided between your reserves of health and
   magic.
   It affects your dexterity (+3).
 x - a +4 ring of protection (left branch)
Wands
 k - a wand of flame (15)
 t - a wand of paralysis (7)
 w - a wand of acid (5)
 y - a wand of digging (6)
 B - a wand of charming (9)
Scrolls
 g - a scroll of immolation {unknown}
 i - 3 scrolls of teleportation {unknown}
 m - 2 scrolls of amnesia {unknown}
 n - a scroll of noise {unknown}
 r - 3 scrolls of identify
 F - a scroll of acquirement
Potions
 d - 2 potions of mutation
 j - 3 potions of curing
 l - 4 potions of heal wounds
 p - a potion of resistance {unknown}
 s - a potion of degeneration {unknown}
 v - a potion of flight {unknown}
 z - a potion of lignification
 C - a potion of brilliance
 E - a potion of might


   Skills:
 + Level 8.4 Fighting
 - Level 1.7 Throwing
 - Level 2.6 Dodging
 * Level 10.9 Unarmed Combat


You had 8 spell levels left.
You didn't know any spells.
Your spell library contained the following spells:

 Spells                   Type           Power      Damage    Failure   Level
 Magic Dart               Conj           0%         1d3       30%         1
 Blink                    Tloc           N/A        N/A       43%         2
 Call Imp                 Summ           0%         N/A       43%         2
 Slow                     Hex            0%         N/A       43%         2
 Confusing Touch          Hex            0%         N/A       67%         3
 Conjure Flame            Conj/Fire      0%         6-21      67%         3
 Gell's Gravitas          Tloc           0%         N/A       67%         3
 Mephitic Cloud           Conj/Pois/Air  0%         N/A       67%         3
 Petrify                  Tmut/Erth      0%         N/A       97%         4
 Metabolic Englaciation   Hex/Ice        0%         N/A       100%        5
 Yara's Violent Unravell  Hex/Tmut       0%         3d3       100%        5


Dungeon Overview and Level Annotations

Branches:
Dungeon (8/15)             Temple (1/1) D:5          Bailey (1/1)
   Lair: D:8-11

Altars:
Ashenzari
Cheibriados
Dithmenos
Elyvilon
Gozag
Hepliaklqana
Kikubaaqudgha
Makhleb
Nemelex Xobeh
Okawaru
Ru
Sif Muna
Trog
Uskayaw
Vehumet
Wu Jian
Yredelemnul
Zin
The Shining One

Shops:
D:6 =   D:7 (


Innate Abilities, Weirdness & Mutations

You are a tree.
Your roots penetrate the ground, keeping you stationary.
You cannot be teleported.
You are immune to unholy pain and torment.
Your maximum health is greatly increased.
Your equipment is partially melded.
You sometimes emit foul miasma when damaged in melee.
You regenerate a little health from kills.
((You are partially covered in razor-sharp scales. (AC +1, Slay +1)))


Message History

The orc warrior hits you but does no damage.
The orc knight hits you but does no damage.
The orc warrior hits you from afar with a +0 spear.
The orc warrior hits you from afar with a +0 halberd.
Okay, then.
The orc hits you but does no damage. The orc warrior barely misses you.
The orc knight barely misses you. The orc warrior barely misses you.
The orc warrior hits you but does no damage.
The orc hits you but does no damage.
The orc warrior hits you from afar with a +0 glaive!
The orc knight hits you from afar with a +0 halberd!
The orc warrior hits you from afar with a +0 spear.
The orc warrior hits you but does no damage.
The orc hits you but does no damage.
The orc warrior hits you but does no damage.
The orc knight hits you from afar with a +0 halberd.
The orc warrior hits you but does no damage.
The orc warrior hits you from afar with a +0 halberd!
The orc hits you but does no damage.
The orc warrior hits you from afar with a +0 glaive!
* * * LOW HITPOINT WARNING * * *
The orc knight hits you from afar with a +0 halberd.
* * * LOW HITPOINT WARNING * * *
The orc warrior hits you but does no damage.
The orc warrior hits you from afar with a +0 halberd.
* * * LOW HITPOINT WARNING * * *
The orc hits you but does no damage.
The orc warrior hits you from afar with a +0 glaive!
* * * LOW HITPOINT WARNING * * *
The orc knight hits you but does no damage.
The orc warrior hits you from afar with a +0 spear.
* * * LOW HITPOINT WARNING * * *
You cannot move.
You cannot move.
Your transformation is almost over.
The orc warrior hits you from afar with a +0 halberd.
* * * LOW HITPOINT WARNING * * *
The orc hits you but does no damage.
The orc warrior hits you from afar with a +0 glaive!!
You die... #.......# #.......# #.......# #.......# oooo...# oooo.#

##))o##
#.♣...#
#.....#
#.....#
#.....#
#.....#
##'''##
##.....##
#.......#
#.......#


You could see an orc knight, 3 orc warriors and 5 orcs.

Vanquished Creatures
  2 hornets
  Prince Ribbit (D:5)
  A water moccasin (D:6)
  A black bear (D:7)
  2 ice beasts (D:6)
  7 orc warriors
  A necrophage (D:7)
  A phantom (D:5)
  A kobold brigand (D:7)
  Blork the orc (D:4)
  2 bullfrogs
  4 scorpions
  A wyvern zombie (D:7)
  A wyvern skeleton (D:5)
  5 wights (D:8)
  A howler monkey (D:4)
  4 hounds
  An orc priest (D:7)
  3 gnoll shamans
  A jelly (D:6)
  4 iguanas (D:5)
  7 orc wizards
  A killer bee zombie (D:7)
  Robin (D:3)
  16 gnolls
  7 adders
  A howler monkey skeleton (D:7)
  A shadow imp (D:6)
  2 white imps
  A dart slug (D:1)
  3 worms
  47 orcs
  7 ball pythons
  3 endoplasms
  A giant cockroach (D:4)
  9 goblins
  8 hobgoblins
  6 jackals
  3 quokkas
  A bat (D:1)
  2 frilled lizards (D:3)
  9 kobolds
  4 rats
185 creatures vanquished.

Notes
Turn   | Place    | Note
-------+----------+-------------------------------------------
     0 | D:1      | Alarkh the Demonspawn Gladiator began the quest for the
                  | Orb.
     0 | D:1      | Reached XP level 1. HP: 16/16 MP: 1/1
   269 | D:1      | Reached skill level 3 in Unarmed Combat
   623 | D:1      | Gained mutation: You regenerate a little health from kills.
                  | [demonic ancestry]
   623 | D:1      | Reached XP level 2. HP: 20/22 MP: 2/2
  1038 | D:1      | Reached XP level 3. HP: 10/28 MP: 3/3
  1307 | D:2      | Found a faded altar of an unknown god.
  1786 | D:3      | Reached skill level 4 in Unarmed Combat
  1786 | D:3      | Gained mutation: You are partially covered in razor-sharp
                  | scales. (AC +1, Slay +1) [demonic ancestry]
  1786 | D:3      | Reached XP level 4. HP: 11/34 MP: 4/4
  2594 | D:3      | Gained mutation: You may rarely emit foul miasma when
                  | damaged in melee. [demonic ancestry]
  2594 | D:3      | Reached XP level 5. HP: 39/41 MP: 5/5
  2696 | D:3      | Noticed Robin
  2730 | D:3      | Killed Robin
  3183 | D:3      | Identified a scroll of acquirement
  3184 | D:3      | Acquired 744 gold pieces
  3418 | D:3      | Found a sparkling altar of Nemelex Xobeh.
  3418 | D:3      | Found an ancient bone altar of Kikubaaqudgha.
  3675 | D:4      | Reached skill level 5 in Unarmed Combat
  3873 | D:4      | Noticed Blork the orc
  3883 | D:4      | Reached XP level 6. HP: 46/48 MP: 6/6
  3910 | D:4      | Killed Blork the orc
  4235 | D:4      | Reached skill level 6 in Unarmed Combat
  4540 | D:4      | Reached XP level 7. HP: 54/55 MP: 7/7
  4974 | D:5      | Entered Level 5 of the Dungeon
  4974 | D:5      | Noticed Prince Ribbit
  4998 | D:5      | Killed Prince Ribbit
  4999 | D:5      | Reached skill level 5 in Fighting
  5074 | D:5      | Found a staircase to the Ecumenical Temple.
  5177 | D:5      | Reached skill level 7 in Unarmed Combat
  5417 | Temple   | Entered the Ecumenical Temple
  5605 | Temple   | Became a worshipper of Uskayaw the Reveller
  5798 | D:5      | Reached * piety under Uskayaw
  5905 | D:5      | Reached ** piety under Uskayaw
  5925 | D:5      | Found a sacrificial altar of Ru.
  5927 | D:5      | Found a shimmering blue altar of Sif Muna.
  5984 | D:5      | Found a bloodstained altar of Trog.
  6139 | D:5      | Gained mutation: You sometimes emit foul miasma when
                  | damaged in melee. [demonic ancestry]
  6139 | D:5      | Reached XP level 8. HP: 52/63 MP: 8/8
  6141 | D:5      | Reached *** piety under Uskayaw
  6601 | D:6      | Reached skill level 8 in Unarmed Combat
  6656 | D:6      | Reached **** piety under Uskayaw
  6698 | D:6      | Identified the +3 falchion of Mityo {speed, rN+ Dex+3}
  6868 | D:6      | Found Bees's Jewellery Emporium.
  6871 | D:6      | Bought a +4 ring of protection for 504 gold pieces
  7152 | D:7      | Reached skill level 9 in Unarmed Combat
  7220 | D:7      | Identified the amulet of the Gloaming {Spirit Dex+3}
  7290 | D:7      | Noticed a hornet
  7302 | D:7      | Killed a hornet
  7303 | D:7      | Reached XP level 9. HP: 62/72 MP: 9/9
  7488 | D:7      | Found Duolog's Antique Weapon Shoppe.
  7791 | D:8      | Found an iron altar of Okawaru.
  7791 | D:8      | Found a broken altar of Ashenzari.
  7894 | D:8      | Reached skill level 10 in Unarmed Combat
  7904 | D:8      | Reached ***** piety under Uskayaw
  7931 | D:8      | HP: 1/74 [orc warrior/+0 battleaxe (11)]
  8283 | D:8      | Found a flagged portal.
  8292 | Bailey   | Entered a bailey
  8511 | Bailey   | Noticed an orc knight
  8533 | Bailey   | Mangled by an orc warrior

Illustrated notes

Levels and vault maps discovered:
D:1:      wander_arrival_desolate, layout_basic
D:2:      layout_rooms, basic_ecumenical_altar, kennysheep_generic_room_7
D:3:      layout_basic, gammafunk_temple_overflow_elements, uniq_robin
D:4:      layout_cave_pods, uniq_blork_the_orc
D:5:      layout_loops_ring, nicolae_overflow_hidden_temple,
          minmay_temple_entry_sparse_star, uniq_prince_ribbit1
D:6:      layout_loops_cross, serial_shops, shop_statue
D:7:      layout_loops_ring, serial_shops, nicolae_shop_crystal,
          grunt_decor_arrowhead
D:8:      layout_rooms, grunt_temple_overflow_forces_of_nature,
          grunt_temple_overflow_open, erik_lair_dragon, enter_bailey_6,
          chequers_serial_rivers_small_b
Temple:   hc_temple_tempest_star
Bailey:   bailey_polearm_5, bailey

Skill      XL: |  1  2  3  4  5  6  7  8  9 |
---------------+----------------------------+-----
Unarmed Combat | 3 4 5 6 7 9 10 | 10.9
Fighting       | 3 4 5 7 8 |  8.4
Throwing       | |  1.7
Dodging        | |  2.6

Action                   |  1- 3 |  4- 6 |  7- 9 || total
-------------------------+-------+-------+-------++-------
Melee: Unarmed           |   127 |   216 |   374 ||   717
       Punch             |     3 |     5 |    11 ||    19
Throw: Throwing net      |     2 |       |     1 ||     3
       Dart              |       |    25 |    18 ||    43
Evoke: Wand              |       |       |     2 ||     2
  Use: Potion            |     2 |     1 |     6 ||     9
       Scroll            |       |     2 |     1 ||     3
 Stab: Held in net/web   |     1 |       |       ||     1
       Sleeping          |       |     1 |       ||     1
       Paralysed         |       |       |    11 ||    11
       Invisible         |       |       |     1 ||     1
Armor: Leather armour    |    36 |    31 |    20 ||    87
       Plate armour      |       |       |   202 ||   202
       Skin              |       |       |    19 ||    19
Dodge: Dodged            |    84 |   150 |   190 ||   424

Table legend: (Time is in decaauts)
 A = Elapsed time spent in this place.
 B = Non-inter-level travel time spent in this place.
 C = Inter-level travel time spent in this place.
 D = Time resting spent in this place.
 E = Time spent auto-exploring this place.
 F = Levels seen in this place.
 G = Mean time per level.
                   A        B        C        D        E       F      G
               +--------+--------+--------+--------+--------+-----+--------+
         Total |   8439 |   8009 |    430 |   1253 |   5317 |  10 |  843.9 |
       Dungeon |   8014 |   7598 |    416 |   1253 |   5005 |   8 | 1001.8 |
        Temple |    201 |    188 |     13 |      0 |    186 |   1 |  201.0 |
        Bailey |    222 |    222 |      0 |      0 |    126 |   1 |  222.0 |
               +--------+--------+--------+--------+--------+-----+--------+

Top non-repeatable levels by time:
     D:1: 1490 daAuts
     D:3: 1421 daAuts
     D:4: 1365 daAuts
     D:5: 988 daAuts
     D:7: 958 daAuts
     D:6: 851 daAuts
     D:2: 731 daAuts
  Bailey: 222 daAuts
     D:8: 208 daAuts
  Temple: 201 daAuts
